Unix NetHack Version 5.0.0-0 post-release - last build Jun 10 2026 00:39:30 (3ee93aec679c4c4259841fe613dc97188e26a321,branch:main).

Game began 2026-06-17 17:52:46, ended 2026-06-17 17:59:10.

Barrb, neutral female human Barbarian

                      ---------------
                      |.............|
                      |.............|         ---------
                      |.............|      ###-.......|
    ----------        |..{..........|      #  |.......|
    |[m[[[[[@-#       --.------+-----      #  ......{.|
    |[@[[[[[.|#         #                #### |.......-###############
    |[[[[[[[.|#         #                ##   |.....>.|  #####  -----.--
    |[[[[[[).|#         #              ####   ---------         |......|
    ----------#        ##              ####                     |).....|
              #        #            ##`##                       .......|
              #        #         # ######                       |......|
              #        #         ####                           |<.....|
              ######---.--    ######                            --------
                   #|..>^.#####
                   #|....|    #
                   #.....+
                    ------

Barrb the Plunderess       St:18/01 Dx:17 Co:18 In:7 Wi:7 Ch:7  Neutral
Dlvl:2  $:394 HP:0(16) Pw:2(2) AC:7  Xp:1 T:840 

Latest messages:
 There is a locked chest here; force its lock? [ynq] (q) y
 You force your battle-axe into a crack and pry.
 Your battle-axe broke!
 You give up your attempt to force the lock.
 What do you want to wield? [- b or ?*] b
 b - a +0 short sword (weapon in left hand).
 You have no secondary weapon readied.
 There is a locked chest here; force its lock? [ynq] (q) y
 You force your short sword into a crack and pry.
 You succeed in forcing the lock.
 $ - 375 gold pieces (394 in total).
 u - a scroll labeled DUAM XNAHT.
 v - a milky potion.
 w - a purple-red potion.
 There's some graffiti on the floor here.
 You read: "Po yno phing a sho?keeper ?icht nake you ??fer."
 You climb up the stairs.
 You see here a scroll labeled XOR OTA.
 x - a scroll labeled XOR OTA.
 You see here 2 food rations.
 You learn more about your items by comparing them.
 d - 2 uncursed food rations (4 in total).
 You hear a slow drip.
 You swap places with Idefix.
 Suddenly, Idefix falls through a trap door.
 You kill the lichen!
 You see here a lichen corpse.
 There is a lichen corpse here; eat it? [ynq] (n) y
 This lichen corpse tastes okay.
 You finish eating the lichen corpse.
 "Hello, Barrb!  Welcome to Malasgirt's used armor dealership!"
 You see here a plate mail (for sale, 900 zorkmids).
 You see here a pair of buckled boots (for sale, 12 zorkmids).
 You see here a studded leather armor (for sale, 23 zorkmids).
 You see here a pair of fencing gloves (for sale, 75 zorkmids).
 You see here a pair of combat boots (for sale, 75 zorkmids).
 You see here a leather cloak (for sale, 60 zorkmids).
 You find a small mimic.
 You stop searching.
 You smite the small mimic!
 The small mimic hits!
 You smite the small mimic!
 You miss the small mimic.
 You miss the small mimic.
 The small mimic hits!
 You smite the small mimic.
 The small mimic hits!
 You die...
 Malasgirt gratefully inherits all your possessions.
 Do you want to see what you had when you died? [ynq] (y) q

Inventory:
 Coins    ('$')
  $ - 394 gold pieces
 Weapons  (')')
  b - a +0 short sword (weapon in left hand)
 Armor    ('[')
  c - an uncursed +0 ring mail (being worn)
 Comestibles  ('%')
  n - an uncursed slime mold
  d - 4 uncursed food rations
  o - an uncursed tripe ration
  i - an uncursed tin of deep fried lichen
 Scrolls  ('?')
  l - a cursed scroll of enchant armor
  p - a cursed scroll of enchant weapon
  x - an uncursed scroll of genocide
  u - an uncursed scroll of light
  t - an uncursed scroll of taming
 Spellbooks  ('+')
  k - an uncursed spellbook of fireball
 Potions  ('!')
  g - an uncursed potion of enlightenment
  v - an uncursed potion of extra healing
  w - an uncursed potion of full healing
  j - 4 uncursed potions of healing
  f - an uncursed potion of oil
  h - a cursed potion of sleeping
 Rings    ('=')
  m - a cursed ring of aggravate monster
  r - an uncursed ring of levitation
  q - an uncursed ring of protection from shape changers
 Tools    ('(')
  e - an uncursed oil lamp
 Gems/Stones  ('*')
  s - 2 uncursed topaz stones

Barrb the Barbarian's attributes:

Background:
 You were a Plunderess, a level 1 female human Barbarian.
 You were neutral, on a mission for Crom
 who was opposed by Mitra (lawful) and Set (chaotic).
 You were left-handed.
 You were in the Dungeons of Doom, on level 2.
 You entered the dungeon 840 turns ago.
 There was a new moon in effect when your adventure ended.
 You had 19 experience points, 1 more was needed to attain level 2.

Basics:
 You had 0 out of 16 hit points.
 You had both energy points (spell power).
 Your armor class was 7.
 Your wallet contained 394 zorkmids.
 Autopickup was off.

Final Characteristics:
 Your strength was 18/01 (limit:18/100).
 Your dexterity was 17 (limit:18).
 Your constitution was 18 (limit:18).
 Your intelligence was 7 (limit:18).
 Your wisdom was 7 (limit:18).
 Your charisma was 7 (limit:18).

Final Status:
 You weren't hungry.
 You were unencumbered.
 You were wielding a short sword.
 You had basic skill with short sword.

Final Attributes:
 You were fervently aligned.
 You were poison resistant.
 You were warded.
 You are dead.

Miscellaneous:
 You didn't encounter any bones levels.
 Total elapsed playing time was 6 minutes and 23 seconds.

Major events:
 Turn
    1: Barrb the neutral female human Barbarian entered the dungeon
  435: entered the Gnomish Mines
  840: killed by a small mimic

You didn't know any spells.

Skills:
 Fighting Skills
   bare handed combat [Basic]
   two weapon combat  [Unskilled]
   riding             [Unskilled]
 Weapon Skills
   dagger             [Unskilled]
   axe                [Basic]
   pick-axe           [Unskilled]
   short sword        [Basic]
   broadsword         [Unskilled]
   long sword         [Unskilled]
   two-handed sword   [Unskilled]
   saber              [Unskilled]
   club               [Unskilled]
   mace               [Unskilled]
   morning star       [Unskilled]
   flail              [Unskilled]
   hammer             [Unskilled]
   quarterstaff       [Unskilled]
   spear              [Unskilled]
   trident            [Unskilled]
   bow                [Unskilled]
 Spellcasting Skills
   attack spells      [Unskilled]
   escape spells      [Unskilled]

Voluntary challenges:
 Character rerolling was not enabled.
 You were an atheist.
 You were illiterate.
 You never genocided any monsters.
 You never polymorphed an object.
 You never changed form.
 You used no wishes.
Achievements:
 You entered the Gnomish Mines.
 You entered a shop.

 The Dungeons of Doom: levels 1 to 4
    Level 1:
       A fountain.
    Level 2: <- You were here.
       An armor shop, a fountain, a sink.
       Stairs down to The Gnomish Mines.
       Final resting place for
          you, killed by a small mimic.
    Level 3:
       A fountain.
    Level 4:
 The Gnomish Mines:
    Level 3:


Vanquished creatures:
  4 jackals
  3 lichens
  4 newts
11 creatures vanquished.

No species were genocided or became extinct.

Game over:
                       ----------
                      /          \
                     /    REST    \
                    /      IN      \
                   /     PEACE      \
                  /                  \
                  |      Barrb       |
                  |      394 Au      |
                  |   killed by a    |
                  |   small mimic    |
                  |                  |
                  |                  |
                  |       2026       |
                 *|     *  *  *      | *
        _________)/\\_//(\/(/\)/\//\/|_)_______

Goodbye Barrb the Barbarian...

You died in The Dungeons of Doom on dungeon level 2 with 581 points,
and 394 pieces of gold, after 840 moves.
You were level 1 with a maximum of 16 hit points when you died.

